Construct Section Command Post
Selects Australian Defense Battlegroup
Selects Australian Light Infantry Section
Selects Defensive Tactics
Construct Platoon Command Post
Construct Company Command Post
Unlock Bishop Self-propelled Artillery
Bishop Self-propelled Artillery
Selects Vehicle Over Repair
Construct Company Command Post
Selects CMP 15cwt Supply Run
Selects Artillery Trip Wire Flares
Bishop Self-propelled Artillery
Unlock M3 Grant Medium Tanks
Selects Charged Creeping Barrage